Map: Submarino EE

Players

MrFercho - Winner!

  • Race: Zerg Zerg
  • League: Gold
  • Spawn Location: 11:00

Abaddon

  • Race: Terran Terran
  • League: Gold
  • Spawn Location: 5:00

VOD

Have the link to the VOD?

Description

Time

  • Played on: Aug. 18, 2020, 10:25 p.m.
  • Length: 17:00
Show
View Real Time Build Order
Export as new Build Order

MrFercho Zerg - Winner!

Build Orders: Hatch First, Lurkers 

Get SALT Encoding   

  12  0:09  Overlord  
  12  0:13  Drone  
  13  0:17  Drone  
  14  0:28  Drone  
  14  0:31  Drone  
  16  0:51  Hatchery  
  16  0:53  Drone  
  16  0:56  Drone  
  17  1:03  Drone  
  18  1:10  Extractor  
  17  1:18  Spawning Pool  
  16  1:19  Drone  
  16  1:24  Drone  
  18  1:41  Drone  
  19  1:54  Drone  
  19  1:59  Overlord  
  20  2:05  Queen x2  
  20  2:08  Zergling x2  
  25  2:09  Zergling x2  
  26  2:22  Drone x2  
  28  2:35  Overlord x2  
  28  2:40  Drone x2  
  28  2:44  Metabolic Boost  
  30  2:48  Drone  
  30  2:50  Drone  
  32  2:56  Drone  
  33  3:03  Drone  
  34  3:10  Drone  
  34  3:12  Lair  
  35  3:14  Queen  
  37  3:22  Drone x7  
  44  3:32  Evolution Chamber  
  43  3:36  Evolution Chamber  
  43  3:37  Baneling Nest  
  43  3:38  Drone x2  
  43  3:46  Drone  
  43  3:47  Overlord  
  44  3:58  Zerg Missile Weapons Level 1  
  44  4:02  Extractor, Drone  
  44  4:04  Extractor  
  44  4:06  Drone x2  
  44  4:08  Zergling x4  
  47  4:15  Drone x4  
  51  4:26  Pneumatized Carapace  
  51  4:48  Drone  
  51  4:51  Overlord  
  51  4:52  Overlord x2  
  52  5:05  Zerg Melee Weapons Level 1  
  52  5:08  Zergling x2, Hatchery  
  52  5:10  Overlord x2  
  52  5:11  Zergling x8  
  52  5:12  Drone  
  57  5:14  Queen  
  59  5:25  Drone x2  
  59  5:26  Hydralisk Den  
  59  5:28  Queen  
  62  5:38  Spore Crawler  
  56  5:45  Overseer  
  54  5:56  Hydralisk  
  54  5:57  Hydralisk x5  
  64  6:05  Spore Crawler  
  63  6:20  Spore Crawler  
  62  6:26  Muscular Augments  
  62  6:33  Drone x2  
  62  6:34  Drone  
  62  6:35  Drone x2  
  62  6:37  Drone x3  
  70  6:51  Extractor  
  70  6:53  Infestation Pit  
  68  7:03  Drone x2  
  68  7:04  Drone x7  
  77  7:12  Drone x4  
  81  7:21  Hydralisk x4  
  89  7:37  Overseer  
  89  7:39  Queen  
  91  7:45  Drone x3  
  91  7:51  Drone x4  
  95  7:54  Extractor, Overlord x2  
  95  7:55  Overlord x2  
  95  7:56  Extractor  
  96  8:03  Overlord x2  
  96  8:09  Drone x2  
  98  8:35  Overlord x3  
  98  8:44  Drone x3  
  98  8:45  Drone x3  
  98  8:47  Drone x3  
  98  8:48  Drone  
  108  8:51  Hydralisk  
  108  8:52  Hydralisk x2  
  114  9:02  Lurker Den, Hive  
  113  9:03  Spire  
  113  9:04  Hatchery  
  113  9:08  Zergling x10  
  113  9:09  Zergling x4  
  118  9:11  Zerg Missile Weapons Level 2  
  118  9:12  Zerg Melee Weapons Level 2  
  118  9:22  Hydralisk x6  
  127  9:46  Hatchery  
  127  9:49  Overseer  
  127  9:51  Spore Crawler  
  114  10:06  Drone x2  
  114  10:07  Drone  
  108  10:08  Drone x5  
  108  10:09  Drone  
  108  10:11  Drone  
  108  10:12  Drone x6  
  121  10:18  Seismic Spines  
  121  10:24  Greater Spire  
  121  10:27  Drone x2  
  123  10:35  Spore Crawler  
  123  10:39  Drone x2  
  123  10:40  Drone  
  123  10:42  Spine Crawler  
  124  10:43  Spore Crawler  
  124  10:45  Drone  
  124  10:46  Drone x2  
  124  10:47  Spore Crawler  
  125  10:58  Overlord x2, Hydralisk  
  125  10:59  Hydralisk x11  
  149  11:08  Corruptor x5  
  149  11:09  Extractor  
  158  11:12  Extractor  
  158  11:15  Adaptive Talons  
  157  11:20  Overseer  
  157  11:22  Hydralisk x5  
  157  11:24  Zergling x4  
  157  11:25  Zergling x6  
  172  11:42  Zerg Flyer Weapons Level 1  
  172  11:46  Grooved Spines  
  172  11:56  Hatchery  
  172  11:59  Hatchery  
  170  12:14  Brood Lord x4  
  178  12:23  Drone  
  178  12:24  Drone x10  
  178  12:27  Drone  
  190  12:40  Overlord x3  
  190  12:41  Overlord x2  
  190  13:11  Lurker x5  
  190  13:12  Lurker x5  
  157  14:23  Hydralisk x16  
  157  14:24  Hydralisk x11  
  199  14:50  Zergling x2  
  196  15:16  Hydralisk x2  
  196  15:21  Overseer  
  200  15:25  Overseer  
  200  15:26  Overseer  
  200  15:29  Centrifical Hooks  
  194  15:57  Extractor  
  194  16:00  Extractor  
  189  16:39  Overlord  
  189  16:40  Overlord x3  
  189  16:41  Overlord  
Show
View Real Time Build Order
Export as new Build Order

Abaddon Terran 

Build Orders: Banshee Rush 

Get SALT Encoding   

  12  0:01  SCV  
  13  0:13  SCV  
  14  0:25  SCV  
  15  0:32  Supply Depot, Refinery  
  15  0:54  SCV  
  16  0:58  Barracks  
  16  1:04  Refinery  
  16  1:06  SCV  
  17  1:11  Supply Depot  
  17  1:18  SCV  
  18  1:30  SCV  
  19  1:42  SCV  
  20  1:49  Bunker  
  20  1:50  Factory  
  20  1:54  SCV  
  20  1:55  Marine  
  22  2:06  SCV  
  23  2:19  Orbital Command  
  23  2:21  Supply Depot  
  23  2:31  Marine  
  23  2:36  Factory Tech Lab  
  24  2:41  Starport  
  24  2:47  Engineering Bay  
  24  3:00  Siege Tank  
  24  3:03  Marine, SCV  
  29  3:14  Supply Depot  
  29  3:17  Starport Tech Lab  
  29  3:24  SCV  
  30  3:27  Marine  
  31  3:34  Hi-Sec Auto Tracking  
  31  3:36  Banshee  
  31  3:38  Cloaking Field  
  34  3:44  Supply Depot  
  34  3:51  Siege Tank  
  34  3:55  Barracks Tech Lab  
  37  4:06  Missile Turret  
  37  4:19  Banshee  
  40  4:29  Missile Turret  
  40  4:33  Command Center  
  40  4:38  Neosteel Armor  
  40  4:41  SCV  
  41  4:52  Missile Turret  
  41  4:53  SCV  
  42  5:01  Siege Tank  
  42  5:05  SCV  
  46  5:18  SCV  
  47  5:23  Missile Turret  
  47  5:30  SCV  
  47  5:33  Siege Tank  
  51  5:47  Missile Turret  
  45  6:34  Command Center  
  45  6:47  Command Center  
  45  6:50  Banshee  
  45  6:53  Command Center  
  48  6:59  Planetary Fortress  
  48  7:05  SCV  
  49  7:17  SCV  
  49  7:22  Refinery  
  50  7:28  Armory  
  50  7:29  SCV  
  51  7:37  Banshee  
  51  7:41  SCV  
  51  7:42  Missile Turret, SCV  
  56  7:46  Refinery  
  56  7:52  Missile Turret  
  56  7:54  SCV  
  56  7:57  SCV  
  58  8:03  Missile Turret  
  58  8:06  SCV  
  59  8:17  Siege Tank  
  59  8:18  Armory  
  62  8:28  Planetary Fortress  
  62  8:35  SCV  
  62  8:40  Terran Vehicle Weapons Level 1  
  62  8:41  Missile Turret  
  63  8:42  Missile Turret  
  63  8:43  SCV  
  63  8:46  Refinery  
  63  8:48  SCV  
  65  8:55  Missile Turret, SCV  
  66  8:56  Siege Tank  
  69  9:07  SCV  
  69  9:08  Missile Turret, SCV  
  71  9:10  SCV  
  71  9:11  Missile Turret  
  72  9:19  SCV  
  72  9:22  SCV, Planetary Fortress  
  74  9:31  SCV  
  72  9:43  SCV  
  71  9:58  Planetary Fortress  
  71  10:01  SCV  
  69  10:12  SCV  
  69  10:13  SCV, Missile Turret  
  68  10:18  Siege Tank  
  71  10:24  SCV x2  
  71  10:26  SCV  
  74  10:34  Terran Vehicle And Ship Armor Level 1  
  74  10:35  Terran Vehicle Weapons Level 2  
  74  10:36  Missile Turret, SCV x2  
  74  10:37  SCV  
  74  10:38  SCV  
  74  10:41  SCV  
  79  10:48  SCV x2  
  79  10:49  SCV  
  82  10:50  SCV  
  82  10:51  Missile Turret  
  82  10:53  SCV  
  84  11:00  SCV x2  
  84  11:02  SCV x2  
  84  11:03  Refinery, Missile Turret  
  88  11:05  SCV  
  88  11:06  Missile Turret  
  89  11:12  Supply Depot, SCV  
  89  11:13  SCV  
  89  11:14  SCV x2  
  89  11:17  Siege Tank  
  89  11:18  SCV  
  97  11:24  SCV  
  97  11:25  SCV, Missile Turret  
  99  11:26  SCV x2  
  99  11:27  Missile Turret  
  99  11:30  SCV  
  102  11:34  Ghost Academy  
  102  11:36  Refinery  
  102  11:37  SCV x2  
  102  11:38  SCV  
  102  11:39  Missile Turret  
  105  11:40  Missile Turret  
  105  11:42  SCV  
  105  11:45  Missile Turret  
  105  11:46  Missile Turret  
  106  11:47  Missile Turret  
  106  11:50  SCV x2  
  106  11:52  SCV  
  110  11:54  SCV  
  110  12:02  SCV, Missile Turret  
  110  12:04  SCV  
  110  12:06  SCV x2  
  110  12:07  Missile Turret  
  114  12:11  Ghost Academy, Personal Cloaking  
  114  12:14  Ghost, SCV  
  117  12:16  Siege Tank, SCV  
  121  12:27  Refinery, SCV  
  121  12:28  Missile Turret, SCV  
  123  12:30  Refinery  
  123  12:31  Missile Turret  
  123  12:34  Refinery  
  123  12:35  Missile Turret  
  123  12:40  SCV  
  123  12:43  Ghost  
  126  12:45  SCV  
  127  12:52  Missile Turret  
  127  12:53  Missile Turret  
  127  12:56  Missile Turret  
  127  12:57  SCV  
  128  13:05  SCV  
  129  13:09  Missile Turret, SCV  
  129  13:11  Terran Vehicle And Ship Armor Level 2, Terran Vehicle Weapons Level 3  
  130  13:22  Factory x2  
  130  13:24  Ghost  
  132  13:29  Nuke  
  132  13:33  Ghost Academy, Supply Depot  
  132  13:37  Nuke  
  132  13:45  Supply Depot  
  132  14:01  Factory  
  132  14:02  Factory  
  122  14:18  Factory Tech Lab  
  122  14:21  Factory Tech Lab  
  97  14:41  Viking  
  94  14:52  Barracks  
  74  15:15  Supply Depot  
  74  15:17  Factory Tech Lab  
  74  15:18  Ghost Academy  
  66  15:42  Engineering Bay  
  63  15:45  Starport Reactor  
  63  15:48  Engineering Bay  
  60  16:00  Supply Depot  
  60  16:04  Supply Depot  
  60  16:06  Factory Tech Lab  
  60  16:13  Missile Turret  
  60  16:22  SCV  
  61  16:25  SCV, Siege Tank  
  61  16:28  Barracks Reactor  
  61  16:31  Barracks Tech Lab  
  68  16:34  SCV  
Tags
 
Composition
Lurkers
League
GoldGold
Matchup
TvZ
Replay Pack
MrFercho
Spawn Locations
Cross Positions
Strategy
Banshee Rush
Add a new tag
Caveats
  • Supply blocks, unpowered buildings, or Contaminate may cause inaccurate times.
  • Supply counts are checked every 10 seconds.